 Dungeon Crawl Stone Soup version 0.30-b1-2-g02819fbbbe (webtiles) character file.

Game seed: 12188002196162741333

1096 Dirian the Cleaver (level 8, -5/70 HPs)
             Began as a Minotaur Fighter on May 20, 2023.
             Slain by an ogre
             ... wielding a +0 giant spiked club
              (19 damage)
             ... on level 5 of the Dungeon.
             The game lasted 00:06:21 (4192 turns).

Dirian the Cleaver (Minotaur Fighter)               Turns: 4192, Time: 00:06:21

Health: -5/70      AC: 10    Str: 28    XL:     8   Next: 10%
Magic:  7/7        EV: 10    Int:  5    God:
Gold:   318        SH:  5    Dex: 11    Spells: 7/7 levels left

rFire   . . .        a - +0 war axe (flame)
rCold   . . .        c - +0 buckler
rNeg    . . .        b - +0 scale mail
rPois   .            (helmet restricted)
rElec   .            (no cloak)
rCorr   .            n - +0 pair of gloves
SInv    .            i - +0 pair of boots
Will    .....        (no amulet) Stlth
                     m - +6 ring of strength
HPRegen 0.31/turn    (no ring)
MPRegen 0.10/turn

%: no passive effects
@: no status effects
A: horns 2, retaliatory headbutt
a: no special abilities


You were on level 5 of the Dungeon.
You visited 1 branch of the dungeon, and saw 7 of its levels.

You collected 318 gold pieces.

Inventory:

Hand Weapons
 a - a +0 war axe of flaming (weapon)
Armour
 b - a +0 scale mail (worn)
 c - a +0 buckler (worn)
 h - a +0 chain mail
 i - a +0 pair of boots (worn)
 l - a +0 plate armour
 n - a +0 pair of gloves (worn)
Jewellery
 j - a ring of fire
 m - a +6 ring of strength (left hand)
Wands
 f - a wand of flame (28)
 v - a wand of digging (3)
Scrolls
 p - a scroll of summoning {unknown}
 r - 4 scrolls of identify
 t - a scroll of magic mapping {unknown}
 u - 2 scrolls of poison
 w - a scroll of fear {unknown}
 x - a scroll of brand weapon
 y - a scroll of immolation
Potions
 d - 4 potions of attraction {unknown}
 e - a potion of brilliance {unknown}
 g - 4 potions of lignification {unknown}
 k - a potion of berserk rage
 o - a potion of ambrosia {unknown}
 q - 3 potions of curing
 s - 3 potions of flight


   Skills:
 + Level 5.9 Fighting
 + Level 8.1 Axes
 + Level 6.9 Armour
 + Level 5.2 Shields


You had 7 spell levels left.
You didn't know any spells.
Your spell library contained the following spells:

 Spells                   Type           Power      Damage    Failure   Level
 Magic Dart               Conj           0%         1d3       77%         1
 Searing Ray              Conj           0%         2d4       88%         2
 Static Discharge         Conj/Air       0%         2-2/arc   88%         2
 Ignite Poison            Fire/Tmut/Pois 0%         N/A       98%         3
 Airstrike                Air            0%         2d(0-16)  100%        4
 Cause Fear               Hex            0%         N/A       100%        4
 Fulminant Prism          Conj/Hex       0%         3d5       100%        4
 Summon Lightning Spire   Summ/Air       0%         N/A       100%        4
 Simulacrum               Ice/Necr       0%         N/A       100%        6
 Dragon Form              Tmut           0%         N/A       100%        7
 Ignition                 Fire           0%         3d3       100%        8
 Dragon's Call            Summ           0%         N/A       100%        9


Dungeon Overview and Level Annotations

Branches:
Dungeon (7/15) Zot: 26121
 Temple: D:4-7

Altars:
Vehumet
Yredelemnul
The Shining One

Annotations:
D:5 Dowan, Duvessa


Innate Abilities, Weirdness & Mutations

You have a pair of horns on your head.
You reflexively headbutt those who attack you in melee.


Message History

You are too injured to fight recklessly!
You are too injured to fight recklessly!
You are too injured to fight recklessly!
You are too injured to fight recklessly!
You are too injured to fight recklessly!
You are too injured to fight recklessly!
You are too injured to fight recklessly!
You are too injured to fight recklessly!
You are too injured to fight recklessly!
You are too injured to fight recklessly!
You are too injured to fight recklessly!
You are too injured to fight recklessly!
You are too injured to fight recklessly!
You are too injured to fight recklessly!
You are too injured to fight recklessly!
You barely miss the ogre. Your headbutt misses the ogre.
You block the ogre's attack. The orc wizard casts a spell at you.
The magic dart hits you.
You closely miss the ogre. You headbutt the ogre.
The ogre is lightly wounded.
The ogre hits you with a +0 giant spiked club!
You completely miss the ogre. Your headbutt misses the ogre.
The ogre is lightly wounded.
You closely miss the orc priest.
The orc priest hits you with a +0 short sword.
You hit the ogre but do no damage. Your headbutt misses the ogre.
The ogre is lightly wounded.
You hit the orc priest. You burn the orc priest.
The ogre hits you with a +0 giant spiked club!!
The orc priest mumbles some strange prayers to Beogh against you.
Beogh smites you!
* * * LOW HITPOINT WARNING * * *
You hit the orc priest. You burn the orc priest. You headbutt the orc priest.
You kill the orc priest!
You slash the ogre! You burn the ogre. The ogre misses you.
You hit the ogre. You burn the ogre.
The ogre is heavily wounded.
The ogre hits you with a +0 giant spiked club!!
You die...

###.................#
............#.......#
............#.......#
.........)..#.......###
............+....>.....
..###.......###..>#####
#........#.#..........#+
.....#.#...)......?.....
.......#........@.......
....####........Oo......
........o.o.(...
................
##.#............ .......
..#............ .......
!............. .....e.
..............
...O..e##......


You could see an ogre, an orc wizard and 2 orcs.

Vanquished Creatures
  Eustachio (D:4)
  Menkaure (D:5)
  3 black bears
  An ogre (D:5)
  A hound (D:5)
  2 orc priests (D:5)
  Terence (D:3)
  An iguana (D:5)
  Ijyb (D:5)
  An orc wizard (D:5)
  13 gnolls
  5 adders
  A shadow imp (D:5)
  2 white imps
  An ufetubus (D:4)
  3 worms
  3 dart slugs
  4 orcs
  6 endoplasms
  5 giant cockroaches
  5 goblins
  5 hobgoblins
  16 jackals
  4 quokkas
  5 ball pythons
  7 bats
  4 frilled lizards
  2 kobolds
  6 rats
110 creatures vanquished.

Vanquished Creatures (others)
  2 bushes (D:7)
  A demonic plant (D:6)
  22 plants (D:4)
25 creatures vanquished.

Grand Total: 135 creatures vanquished

Notes
Turn   | Place    | Note
-------+----------+-------------------------------------------
     0 | D:1      | Dirian the Minotaur Fighter began the quest for the Orb.
     0 | D:1      | Reached XP level 1. HP: 19/19 MP: 0/0
    56 | D:1      | Reached XP level 2. HP: 22/27 MP: 1/1
   259 | D:1      | Reached XP level 3. HP: 33/33 MP: 2/2
   264 | D:1      | Reached skill level 3 in Axes
   801 | D:2      | Got the Codex of the Chill and Cinders
   841 | D:2      | Found a radiant altar of Vehumet.
  1087 | D:2      | Reached XP level 4. HP: 40/40 MP: 3/3
  1137 | D:2      | Reached skill level 4 in Axes
  1279 | D:2      | Found Ciefru Tatu's Book Shop.
  1405 | D:2      | Found a faded altar of an unknown god.
  1569 | D:3      | Found a basalt altar of Yredelemnul.
  1706 | D:3      | Reached XP level 5. HP: 47/47 MP: 4/4
  2420 | D:3      | Noticed Terence
  2436 | D:3      | Killed Terence
  2849 | D:4      | Reached skill level 5 in Axes
  2880 | D:4      | Noticed a black bear
  2888 | D:4      | Killed a black bear
  2889 | D:4      | Reached skill level 5 in Armour
  2889 | D:4      | Reached XP level 6. HP: 54/55 MP: 5/5
  3007 | D:4      | Noticed Eustachio
  3034 | D:4      | Killed Eustachio
  3035 | D:4      | Reached skill level 5 in Fighting
  3035 | D:4      | Reached skill level 6 in Axes
  3151 | D:4      | You fall into a shaft and drop 3 floors!
  3152 | D:7      | Identified the +0 spear "Lynod" {flame, Contam +Blink
                  | Str+3}
  3218 | D:7      | Reached XP level 7. HP: 46/61 MP: 6/6
  3342 | D:5      | Entered Level 5 of the Dungeon
  3356 | D:5      | Noticed Ijyb
  3362 | D:5      | Killed Ijyb
  3388 | D:5      | Identified the +9 trident "Otwiowit" {flame, *Slow rPois
                  | Will++}
  3433 | D:5      | Noticed Menkaure
  3436 | D:5      | Reached skill level 7 in Axes
  3440 | D:5      | Killed Menkaure
  3441 | D:5      | Reached skill level 5 in Shields
  3657 | D:5      | Noticed Duvessa
  3657 | D:5      | Noticed Dowan
  3862 | D:4      | Found a glowing golden altar of the Shining One.
  4176 | D:5      | Reached skill level 8 in Axes
  4176 | D:5      | Reached XP level 8. HP: 70/70 MP: 7/7
  4192 | D:5      | Slain by an ogre

Illustrated notes

Levels and vault maps discovered:
D:1:      spicycebolla_green_bress_n_ham, layout_rooms, serial_bayou_ford_a,
          nicolae_concentric_dashed_squares_mild, minivault_26,
          minmay_octomino_e4
D:2:      layout_loops_ring, serial_shops, shop,
          dilly_ecumenical_altar_fadedgnrine, basic_altar
D:3:      layout_basic, mainiacjoe_overflow_paths, uniq_terence
D:4:      layout_basic, tso_oasis_becter, minmay_statues_item,
          wad_woods_river_04, guppyfry_early_lair_pool, uniq_eustachio
D:5:      layout_basic, lemuel_flamethrower_2, uniq_duvessa, uniq_menkaure,
          uniq_ijyb
D:6:      layout_basic, kiku_gazebo_pond_becter, slow_altar_1,
          minmay_temple_entry_junction_2, serial_shops, nicolae_shop_trees,
          nicolae_inconvenience_store, serial_demonic, serial_demonic_c,
          serial_demonic_g, serial_demonic_a, serial_demonic_b
D:7:      layout_basic, mainiacjoe_overflow_alcove_4

Skill      XL: |  1  2  3  4  5  6  7 |
---------------+----------------------+-----
Fighting       | 4 5 |  5.9
Armour         | 4 5 6 |  6.9
Shields        | 4 5 |  5.2
Axes           | 3 4 5 6 8 |  8.1

Action                     |  1- 3 |  4- 6 |  7- 9 || total
---------------------------+-------+-------+-------++-------
  Melee: War axe           |    81 |   111 |   101 ||   293
         Headbutt          |    13 |    22 |    24 ||    59
  Evoke: Wand              |       |       |     1 ||     1
    Use: Scroll            |       |    10 |       ||    10
         Potion            |       |     1 |       ||     1
 Armour: Scale mail        |    42 |    56 |    14 ||   112
  Dodge: Dodged            |    40 |    61 |    12 ||   113
  Block: Buckler           |    20 |    31 |     9 ||    60
